 Dungeon Crawl Stone Soup version 0.25.1-2-g60ff931df9 (webtiles) character file.

Game seed: 13724398113232604375

35 Martska the Skirmisher (level 3, 0/34 HPs)
             Began as a Naga Fighter on Aug 13, 2020.
             Slain by an adder (3 damage)
             ... on level 2 of the Dungeon.
             The game lasted 00:01:48 (711 turns).

Martska the Skirmisher (Naga Fighter)                Turns: 711, Time: 00:01:48

Health: 0/34       AC:  2    Str: 18    XL:     3   Next: 35%
Magic:  3/3        EV:  7    Int:  9    God:
Gold:   32         SH:  8    Dex: 10    Spells: 2/2 levels left

rFire    + . .     SeeInvis +   a - +0 trident
rCold    + . .     Gourm    .   c - +0 kite shield
rNeg     . . .     Faith    .   j - +0 leather armour
rPois    +         Spirit   .   (no helmet)
rElec    +         Reflect  .   (no cloak)
rCorr    +         Harm     .   (no gloves)
MR       .....                  (no barding)
Stlth    +.........             k - amulet of regeneration
HPRegen  0.51/turn              (no ring)
MPRegen  0.08/turn              (no ring)

@: mighty, lethally poisoned (0 -> -1), resistant, very slow
A: large, see invisible, deformed body, poison resistance, slowness 2, slow
metabolism 1, spit poison 1, AC +1
a: Spit Poison


You were on level 2 of the Dungeon.
You were not hungry.

You visited 1 branch of the dungeon, and saw 2 of its levels.

You collected 32 gold pieces.

Inventory:

Hand Weapons
 a - a +0 trident (weapon)
Armour
 b - a +0 scale mail
 c - a +0 kite shield (worn)
 j - a +0 leather armour (worn)
Jewellery
 k - an amulet of regeneration (around neck)
Scrolls
 h - 2 scrolls of teleportation {unknown}
 l - a scroll of identify {unknown}
 n - a scroll of blinking {unknown}
Potions
 i - a potion of heal wounds {unknown}
 m - a potion of berserk rage {unknown}
Comestibles
 f - 3 rations
 g - a chunk of flesh


   Skills:
 * Level 3.5 Fighting
 * Level 2.5 Polearms
 - Level 2.4 Armour
 + Level 0.6 Dodging
 + Level 2.6 Shields


You had 2 spell levels left.
You didn't know any spells.
Your spell library was empty.

Dungeon Overview and Level Annotations

Branches:
Dungeon (2/15)

Altars:


Innate Abilities, Weirdness & Mutations

You cannot wear boots.
Your serpentine skin is tough. (AC +1)
You have supernaturally acute eyesight. (SInv)
Armour fits poorly on your strangely shaped body.
Your system is resistant to poisons. (rPois)
You cover ground very slowly.
You have a slow metabolism.
You can spit poison.


Message History

You are too injured to fight recklessly!
You feel sick. The adder bites you. You block the adder's attack.
The adder closely misses you.
You feel sick. You block the adder's attack.
You feel sick. The adder bites you.
* * * LOW HITPOINT WARNING * * *
There are monsters nearby!
You feel very mighty all of a sudden.
You feel sick. You block the adder's attack.
Your leather armour prevents you from hitting the adder.
The adder is severely wounded.
You feel sick. The adder closely misses you. The adder bites you.
* * * LOW HITPOINT WARNING * * *
You puncture the adder!
You kill the adder!
You feel sick. You block the adder's attack.
It was a potion of resistance.
You feel protected. The adder bites you.
You die...

#...#. #.... # #...# #.
#. #...# . #... #.##...#
.##. #... #......#.....
##...###### #............
........#.######...##.##.
..........##..@S........
........#.##.###.####.##
.................# #
........#.#..###.#
###+###).(#..#####
###......... #.#..#####
#.#..... #.########


You could see an adder.

Vanquished Creatures
  An adder (D:2)
  A ball python (D:1)
  2 giant cockroaches (D:1)
  2 goblins (D:1)
  4 hobgoblins
  6 kobolds
  5 bats
  4 rats (D:1)
25 creatures vanquished.

Notes
Turn   | Place    | Note
-------+----------+-------------------------------------------
     0 | D:1      | Martska the Naga Fighter began the quest for the Orb.
     0 | D:1      | Reached XP level 1. HP: 21/21 MP: 1/1
   139 | D:1      | Reached XP level 2. HP: 16/28 MP: 2/2
   664 | D:2      | Reached XP level 3. HP: 34/34 MP: 3/3
   711 | D:2      | Slain by an adder

Illustrated notes

Levels and vault maps discovered:
D:1:      dpeg_arrival_more_subterranean_lakeside_camping, layout_rooms
D:2:      layout_basic, gammafunk_temple_overflow_claw, serial_co_window_serial,
          co_window_of_opportunity_a, co_window_paths_a, co_window_corner_a,
          co_window_corner_a, co_window_corner_a, co_window_cross_3,
          co_window_2corner, co_window_broadway_a, co_window_paths_e,
          glass_columns_b, glass_columns_a, glass_columns_b, glass_columns_b,
          glass_columns_a, first_ration, uniq_terence

Action                   || total
-------------------------++-------
Melee: Trident           ||    77
  Use: Potion            ||     2
Armor: Leather armour    ||    21
Dodge: Dodged            ||    22
Block: Kite shield       ||    42
